AoeStats
← 110

Arabia

510550815Analyzed
3v3 RM · 1d ago on Oct 1, 2026· 56m 49s· 6 players
Game mode
Random Map
Map size
Normal (6 player)
Population
200
Speed
Normal
Resources
Standard
Victory
Conquest
Starting age
Dark Age
Ending age
Imperial Age
RankedLock teamsTeams togetherTeam positionsShared explorationLock speedFull tech treeHidden civsTurbo modeCheats
Victory
Defeat
🇨🇳 Magyars · China
1186
+13
🇨🇳 Shu · China
1155
+14
🇨🇳 Romans · China
1147
+14
1117
-14
🇨🇳 Burgundians · China
1108
-14
🇪🇸 Mongols · Spain
1098
-13
西湖歌舞几时休
1:59 Loom
10:33 Feudal Age
12:51 Double-Bit Axe
13:48 Gold Mining
15:22 Horse Collar
18:42 Fletching
23:07 Castle Age
21:47 Padded Archer Armor
23:14 Stone Mining
24:40 Crossbowman
24:48 Crossbowman
27:28 Gold Shaft Mining
27:02 Bodkin Arrow
27:25 Leather Archer Armor
29:32 Wheelbarrow
37:58 Imperial Age
38:42 Thumb Ring
40:48 Ring Archer Armor
41:48 Arbalester
42:34 Bracer
44:50 Hand Cart
46:11 Scale Barding Armor
47:26 Conscription
48:06 Ballistics
48:47 Chemistry
47:43 Murder Holes
48:02 Fortified Wall
50:02 Murder Holes
51:13 Bow Saw
51:00 Elite Mameluke
ennio2mil
5:59 Loom
9:58 Feudal Age
20:10 Castle Age
19:09 Double-Bit Axe
22:42 Bow Saw
36:43 Fletching
40:23 Bodkin Arrow
42:39 Wheelbarrow
43:07 Ballistics
48:33 Imperial Age
110
0:31 Loom
12:45 Feudal Age
12:05 Double-Bit Axe
12:05 Horse Collar
16:38 Forging
22:49 Castle Age
21:31 Scale Barding Armor
21:28 Heavy Plow
21:34 Gold Mining
22:56 Town Watch
23:30 Bow Saw
24:16 Chain Barding Armor
23:50 Cavalier
25:03 Husbandry
27:47 Stone Mining
29:13 Wheelbarrow
29:56 Iron Casting
37:03 Fervor
39:26 Imperial Age
37:36 Fletching
37:43 Murder Holes
38:09 Ballistics
39:45 Paladin
41:06 Plate Barding Armor
41:15 Gold Shaft Mining
41:43 Chemistry
41:39 Elite Skirmisher
42:56 Conscription
43:02 Fortified Wall
47:47 Hand Cart
49:33 Padded Archer Armor
49:28 Bodkin Arrow
51:37 Leather Archer Armor
51:23 Bracer
51:15 Flemish Revolution
51:36 Flemish Revolution
54:34 Scale Mail Armor
55:36 Blast Furnace
今天不游牧
8:12 Loom
10:40 Feudal Age
17:23 Castle Age
15:33 Double-Bit Axe
16:42 Fletching
16:44 Horse Collar
25:15 Gold Mining
25:39 Bow Saw
26:03 Padded Archer Armor
25:59 Crossbowman
27:57 Thumb Ring
28:35 Stone Mining
34:28 Scale Mail Armor
34:39 Forging
35:19 Heavy Plow
36:35 Chain Mail Armor
39:47 Wheelbarrow
44:52 Imperial Age
42:53 Elite Skirmisher
44:13 Bodkin Arrow
44:34 Leather Archer Armor
45:31 Arbalester
46:17 Bracer
46:47 Ring Archer Armor
47:24 Two-Man Saw
47:28 Chemistry
50:36 Ballistics
53:22 Gold Shaft Mining
55:58 Bolt Magazine
56:31 Hand Cart
steven9801
0:35 Loom
11:01 Feudal Age
18:16 Castle Age
16:13 Double-Bit Axe
16:58 Horse Collar
17:13 Gold Mining
17:53 Scale Barding Armor
19:47 Bow Saw
23:50 Wheelbarrow
23:21 Light Cavalry
24:14 Bloodlines
24:21 Husbandry
28:29 Chain Barding Armor
28:06 Stone Mining
28:53 Gold Shaft Mining
29:45 Hand Cart
29:18 Town Watch
29:52 Fletching
34:06 Bodkin Arrow
35:18 Corvinian Army
37:51 Imperial Age
38:33 Elite Magyar Huszar
45:50 Plate Barding Armor
45:18 Bracer
46:29 Masonry
47:27 Conscription
48:21 Heavy Plow
50:34 Ballistics
50:49 Crop Rotation
53:24 Town Patrol
57:16 Two-Man Saw
56:56 Hoardings
thty36
6:16 Loom
9:19 Feudal Age
9:49 Double-Bit Axe
10:13 Man-at-Arms
20:38 Castle Age
18:48 Horse Collar
20:25 Town Watch
21:18 Scale Mail Armor
21:28 Forging
20:48 Long Swordsman
23:46 Wheelbarrow
26:25 Squires
27:07 Chain Mail Armor
27:38 Gold Mining
28:41 Pikeman
29:40 Stone Mining
33:59 Hand Cart
37:54 Imperial Age
36:53 Iron Casting
38:24 Capped Ram
38:28 Halberdier
41:14 Blast Furnace
40:41 Bow Saw
41:11 Legionary
43:56 Siege Ram
46:39 Conscription
51:04 Elite Skirmisher
51:38 Fletching
51:48 Padded Archer Armor
55:35 Comitatenses
Connection lost

Rejoining the realm…

Still unreachable

The connection could not be restored.

Session expired

The server has moved on; the page needs a fresh start.